| TOP OF THE 1ST |
|
Round Rock Express batting - Pitching for Charlotte Knights : LHP Jamie Blake
|
|
Pitching: LHP Jamie Blake
|
|
|
Batting: SHB Javy Rosa
|
0-0: Ball 1-0: Ball 2-0: Swinging Strike 2-1: Called Strike 2-2: Strikes out swinging
|
|
Batting: SHB Pat Wilson
|
0-0: Foul Ball, location: 2F 0-1: Fly out, F9 (Flyball, 89M, EV 91.2 MPH)
|
|
Batting: RHB Jarrod Joyce
|
0-0: Ball 1-0: Ground out 6-3 (Groundball, 6M, EV 79.4 MPH)
|
| Top of the 1st over - 0 runs, 0 hits, 0 errors, 0 left on base; Round Rock 0 - Charlotte 0 |
| BOTTOM OF THE 1ST |
|
Charlotte Knights batting - Pitching for Round Rock Express : RHP Luis Herrera
|
|
Pitching: RHP Luis Herrera
|
|
|
Batting: RHB Jeremy Hoffert
|
0-0: Swinging Strike 0-1: Called Strike 0-2: Ball 1-2: Foul Ball, location: 2F 1-2: Strikes out swinging
|
|
Batting: LHB Ricardo Pagan
|
0-0: Ball 1-0: Ball 2-0: Foul Ball, location: 2F 2-1: Foul Ball, location: 2F 2-2: Foul Ball, location: 2F 2-2: Strikes out swinging, 2-3 out at first.
|
|
Batting: RHB Mike Warzecha
|
0-0: Ball 1-0: Ground out 3-1 (Groundball, 34S, EV 87.5 MPH)
|
| Bottom of the 1st over - 0 runs, 0 hits, 0 errors, 0 left on base; Round Rock 0 - Charlotte 0 |
| TOP OF THE 2ND |
|
Round Rock Express batting - Pitching for Charlotte Knights : LHP Jamie Blake
|
|
Batting: RHB Noah Stanley
|
0-0: Foul Ball, location: 2F 0-1: Ball 1-1: Ball 2-1: SINGLE (Groundball, 6MD, EV 107.5 MPH)
|
|
Batting: SHB Dan Lash
|
0-0: Ball 1-0: Ball 2-0: Grounds into double play, 4-6-3 (Groundball, 4, EV 88.8 MPH)
|
|
Batting: RHB Masashi Yukizawa
|
0-0: Called Strike 0-1: Swinging Strike 0-2: Fly out, F8 (Flyball, 89D, EV 100.0 MPH)
|
| Top of the 2nd over - 0 runs, 1 hit, 0 errors, 0 left on base; Round Rock 0 - Charlotte 0 |
| BOTTOM OF THE 2ND |
|
Charlotte Knights batting - Pitching for Round Rock Express : RHP Luis Herrera
|
|
Batting: SHB Ethan Villalobos
|
0-0: Called Strike 0-1: Called Strike 0-2: Ball 1-2: Strikes out swinging
|
|
Batting: LHB John Thurman
|
0-0: Called Strike 0-1: Ball 1-1: Ball 2-1: Ground out 4-3 (Groundball, 4, EV 86.9 MPH)
|
|
Batting: RHB Kikuo Sato
|
0-0: Called Strike 0-1: Foul Ball, location: 2F 0-2: Reached on error, E6 (Groundball, 6, EV 100.0 MPH)
|
|
Batting: SHB Josh Conner
|
0-0: Ball Kikuo Sato steals 2nd base 1-0: Called Strike 1-1: Ground out U3 (Groundball, 3, EV 103.1 MPH)
|
| Bottom of the 2nd over - 0 runs, 0 hits, 1 error, 1 left on base; Round Rock 0 - Charlotte 0 |
| TOP OF THE 3RD |
|
Round Rock Express batting - Pitching for Charlotte Knights : LHP Jamie Blake
|
|
Batting: RHB Ernie Weathersbee
|
0-0: Called Strike 0-1: Ball 1-1: Called Strike 1-2: SINGLE (Groundball, 56S, EV 68.8 MPH) (infield hit)
|
|
Batting: RHB Adryão Anto
|
0-0: Ball 1-0: Foul Ball, location: 2F 1-1: Ball 2-1: Grounds into double play, 4-6-3 (Groundball, 4MD, EV 107.5 MPH)
|
|
Batting: RHB Jeremy Boerman
|
0-0: Foul Ball, location: 2F 0-1: Ball 1-1: Swinging Strike 1-2: Strikes out looking
|
| Top of the 3rd over - 0 runs, 1 hit, 0 errors, 0 left on base; Round Rock 0 - Charlotte 0 |
| BOTTOM OF THE 3RD |
|
Charlotte Knights batting - Pitching for Round Rock Express : RHP Luis Herrera
|
|
Batting: RHB Jose Marquez
|
0-0: Foul Ball, location: 2F 0-1: Foul Ball, location: 2F 0-2: Strikes out swinging
|
|
Batting: RHB Steve Waltenbery
|
0-0: Ball 1-0: Ball 2-0: Ball 3-0: Called Strike 3-1: Foul Ball, location: 2F 3-2: Strikes out looking
|
|
Batting: RHB Jeremy Hoffert
|
0-0: SINGLE (Groundball, 6MD, EV 110.6 MPH)
|
|
Batting: LHB Ricardo Pagan
|
0-0: Swinging Strike 0-1: Ball 1-1: SINGLE (Groundball, 34D, EV 99.4 MPH) Jeremy Hoffert to second Runner from 2nd tries for 3rd, SAFE, throw by RF made to third Ricardo Pagan to second
|
|
Batting: RHB Mike Warzecha
|
0-0: Ball 1-0: Ball 2-0: Fly out, F7 (Flyball, 7LSF, EV 88.8 MPH)
|
| Bottom of the 3rd over - 0 runs, 2 hits, 0 errors, 2 left on base; Round Rock 0 - Charlotte 0 |
| TOP OF THE 4TH |
|
Round Rock Express batting - Pitching for Charlotte Knights : LHP Jamie Blake
|
|
Batting: SHB Javy Rosa
|
0-0: Called Strike 0-1: Called Strike 0-2: Foul Ball, location: 2F 0-2: Strikes out looking
|
|
Batting: SHB Pat Wilson
|
0-0: Fly out, F8 (Line Drive, 78D, EV 92.5 MPH)
|
|
Batting: RHB Jarrod Joyce
|
0-0: Fly out, F7 (Flyball, 78D, EV 94.4 MPH)
|
| Top of the 4th over - 0 runs, 0 hits, 0 errors, 0 left on base; Round Rock 0 - Charlotte 0 |
| BOTTOM OF THE 4TH |
|
Charlotte Knights batting - Pitching for Round Rock Express : RHP Luis Herrera
|
|
Batting: SHB Ethan Villalobos
|
0-0: Called Strike 0-1: Ball 1-1: Foul Ball, location: 2F 1-2: Ball 2-2: Ball 3-2: SINGLE (Flyball, 6MD, EV 93.1 MPH)
|
|
Batting: LHB John Thurman
|
0-0: Ball 1-0: Ball 2-0: Ball 3-0: Called Strike 3-1: Base on Balls Ethan Villalobos to second
|
|
Batting: RHB Kikuo Sato
|
0-0: Ball 1-0: Foul Ball, location: 2F 1-1: Ball 2-1: Foul Ball, location: 2F 2-2: Foul Ball, location: 2F 2-2: Fly out, F8 (Line Drive, 8LM, EV 92.5 MPH)
|
|
Batting: SHB Josh Conner
|
0-0: Ball 1-0: Grounds into double play, 6-4-3 (Groundball, 6, EV 108.8 MPH)
|
| Bottom of the 4th over - 0 runs, 1 hit, 0 errors, 1 left on base; Round Rock 0 - Charlotte 0 |
| TOP OF THE 5TH |
|
Round Rock Express batting - Pitching for Charlotte Knights : LHP Jamie Blake
|
|
Batting: RHB Noah Stanley
|
0-0: Ball 1-0: Ball 2-0: Foul Ball, location: 2F 2-1: Swinging Strike 2-2: Fly out, F9 (Flyball, 9D, EV 105.0 MPH)
|
|
Batting: SHB Dan Lash
|
0-0: Ball 1-0: Ball 2-0: Ball 3-0: Base on Balls
|
|
Batting: RHB Masashi Yukizawa
|
0-0: Ball 1-0: Grounds into double play, 6-4-3 (Groundball, 6, EV 88.1 MPH)
|
| Top of the 5th over - 0 runs, 0 hits, 0 errors, 0 left on base; Round Rock 0 - Charlotte 0 |
| BOTTOM OF THE 5TH |
|
Charlotte Knights batting - Pitching for Round Rock Express : RHP Luis Herrera
|
|
Batting: RHB Jose Marquez
|
0-0: Foul Ball, location: 2F 0-1: Foul Ball, location: 2F 0-2: Ball 1-2: Strikes out looking
|
|
Batting: RHB Steve Waltenbery
|
0-0: Swinging Strike 0-1: Ball 1-1: Ground out 4-3 (Groundball, 4, EV 84.4 MPH)
|
|
Batting: RHB Jeremy Hoffert
|
0-0: Called Strike 0-1: Foul Ball, location: 2F 0-2: Strikes out swinging
|
| Bottom of the 5th over - 0 runs, 0 hits, 0 errors, 0 left on base; Round Rock 0 - Charlotte 0 |
| TOP OF THE 6TH |
|
Round Rock Express batting - Pitching for Charlotte Knights : LHP Jamie Blake
|
|
Batting: RHB Ernie Weathersbee
|
0-0: Ball 1-0: Ball 2-0: Foul Ball, location: 2F 2-1: Swinging Strike 2-2: Strikes out looking
|
|
Batting: RHB Adryão Anto
|
0-0: Ball 1-0: SINGLE (Line Drive, 4MD, EV 103.1 MPH)
|
|
Batting: RHB Jeremy Boerman
|
0-0: Called Strike 0-1: Foul Ball, location: 2F 0-2: Foul Ball, location: 2F 0-2: Ball 1-2: Grounds into double play, 6-4-3 (Groundball, 6, EV 81.9 MPH)
|
| Top of the 6th over - 0 runs, 1 hit, 0 errors, 0 left on base; Round Rock 0 - Charlotte 0 |
| BOTTOM OF THE 6TH |
|
Charlotte Knights batting - Pitching for Round Rock Express : RHP Luis Herrera
|
|
Batting: LHB Ricardo Pagan
|
0-0: Ball 1-0: Fly out, F7 (Flyball, 7, EV 89.4 MPH)
|
|
Batting: RHB Mike Warzecha
|
0-0: Ball 1-0: Ball 2-0: Ball 3-0: Called Strike 3-1: Base on Balls
|
|
Batting: SHB Ethan Villalobos
|
0-0: Called Strike 0-1: Ball 1-1: Ball 2-1: Grounds into double play, 4-6-3 (Groundball, 34, EV 105.0 MPH)
|
| Bottom of the 6th over - 0 runs, 0 hits, 0 errors, 0 left on base; Round Rock 0 - Charlotte 0 |
| TOP OF THE 7TH |
|
Round Rock Express batting - Pitching for Charlotte Knights : LHP Jamie Blake
|
|
Batting: SHB Javy Rosa
|
0-0: Swinging Strike 0-1: Foul Ball, location: 2F 0-2: Strikes out swinging
|
|
Batting: SHB Pat Wilson
|
0-0: Foul Ball, location: 2F 0-1: Foul Ball, location: 2F 0-2: Ball 1-2: Foul Ball, location: 2F 1-2: Fly out, F9 (Flyball, 9S, EV 78.8 MPH)
|
|
Batting: RHB Jarrod Joyce
|
0-0: Called Strike 0-1: Ball 1-1: Fly out, F7 (Line Drive, 78S, EV 99.4 MPH)
|
| Top of the 7th over - 0 runs, 0 hits, 0 errors, 0 left on base; Round Rock 0 - Charlotte 0 |
| BOTTOM OF THE 7TH |
|
Charlotte Knights batting - Pitching for Round Rock Express : RHP Luis Herrera
|
|
Batting: LHB John Thurman
|
0-0: Called Strike 0-1: Fly out, F7 (Flyball, 7, EV 89.4 MPH)
|
|
Batting: RHB Kikuo Sato
|
0-0: Called Strike 0-1: DOUBLE (Groundball, 5L, EV 107.5 MPH)
|
|
Batting: SHB Josh Conner
|
0-0: Intentional Walk
|
|
Batting: RHB Jose Marquez
|
0-0: Called Strike 0-1: Foul Ball, location: 2F 0-2: Grounds into double play, 6-4-3 (Groundball, 6, EV 85.6 MPH)
|
| Bottom of the 7th over - 0 runs, 1 hit, 0 errors, 1 left on base; Round Rock 0 - Charlotte 0 |
| TOP OF THE 8TH |
|
Round Rock Express batting - Pitching for Charlotte Knights : LHP Jamie Blake
|
|
Batting: RHB Noah Stanley
|
0-0: Called Strike 0-1: Ball 1-1: Foul Ball, location: 2F 1-2: Ball 2-2: SINGLE (Line Drive, 5D, EV 95.6 MPH)
|
|
Batting: SHB Dan Lash
|
0-0: Ball 1-0: Ball 2-0: Called Strike 2-1: Called Strike 2-2: Foul Ball, location: 2F 2-2: Foul Ball, location: 2F 2-2: Ball 3-2: Strikes out swinging Noah Stanley is caught stealing 2nd base 2-4 Batter strikes out.
|
|
Batting: RHB Masashi Yukizawa
|
0-0: Ball 1-0: Called Strike 1-1: TRIPLE (Groundball, 3L, EV 103.1 MPH)
|
|
Batting: RHB Ernie Weathersbee
|
0-0: Ball 1-0: Fly out, F9 (Flyball, 9, EV 83.8 MPH)
|
| Top of the 8th over - 0 runs, 2 hits, 0 errors, 1 left on base; Round Rock 0 - Charlotte 0 |
| BOTTOM OF THE 8TH |
|
Charlotte Knights batting - Pitching for Round Rock Express : RHP Luis Herrera
|
|
Pinch Hitting: LHB Justin Stickney
|
0-0: Ground out 4-3 (Groundball, 4M, EV 90.0 MPH)
|
|
Batting: RHB Jeremy Hoffert
|
0-0: Called Strike 0-1: Swinging Strike 0-2: Foul Ball, location: 2F 0-2: Strikes out swinging
|
|
Batting: LHB Ricardo Pagan
|
0-0: Ball 1-0: Ball 2-0: Ground out 5-3 (Groundball, 56, EV 76.2 MPH)
|
| Bottom of the 8th over - 0 runs, 0 hits, 0 errors, 0 left on base; Round Rock 0 - Charlotte 0 |
| TOP OF THE 9TH |
|
Round Rock Express batting - Pitching for Charlotte Knights : LHP Jamie Blake
|
|
Now at 2B: Josiah Wright
|
|
|
Batting: RHB Adryão Anto
|
0-0: Ball 1-0: Foul Ball, location: 2F 1-1: Foul Ball, location: 2F 1-2: Ball 2-2: Fly out, F3 (Popup, 23F, EV 85.6 MPH)
|
|
Pitching: RHP Tommy Benedict
|
|
|
Pinch Hitting: LHB Cooper Broomhall
|
0-0: Swinging Strike 0-1: Called Strike 0-2: Strikes out swinging
|
|
Batting: SHB Javy Rosa
|
0-0: Swinging Strike 0-1: Ball 1-1: Swinging Strike 1-2: Ball 2-2: Strikes out swinging
|
| Top of the 9th over - 0 runs, 0 hits, 0 errors, 0 left on base; Round Rock 0 - Charlotte 0 |
| BOTTOM OF THE 9TH |
|
Charlotte Knights batting - Pitching for Round Rock Express : RHP Luis Herrera
|
|
Now at C: Josh Ferguson
|
|
|
Batting: RHB Mike Warzecha
|
0-0: Called Strike 0-1: Ball 1-1: Swinging Strike 1-2: Foul Ball, location: 2F 1-2: Ball 2-2: Ball 3-2: SOLO HOME RUN (Flyball, 7D, EV 95.0 MPH), Distance : 359 ft
|
| Bottom of the 9th over - 1 run, 1 hit, 0 errors, 0 left on base; Round Rock 0 - Charlotte 1 |
|